Map: Thunderbird LE

Players

souL - Winner!

  • Race: Terran Terran
  • Spawn Location: 11:00

BraneloB

  • Race: Zerg Zerg
  • Spawn Location: 5:00

Event: 2019 WCS Summer

VOD

Have the link to the VOD?

Description

Time

  • Played on: July 12, 2019, 6:31 a.m.
  • Length: 11:30

All games in this series

Show
View Real Time Build Order
Export as new Build Order

souL Terran - Winner!

Build Orders: Liberator Opening, Reaper Expand 

Get SALT Encoding   

  12  0:00  SCV  
  13  0:12  SCV  
  14  0:18  Supply Depot  
  14  0:24  SCV  
  15  0:40  SCV  
  15  0:41  Barracks  
  16  0:44  Refinery  
  16  0:52  SCV  
  17  1:04  SCV  
  18  1:16  SCV  
  19  1:29  Orbital Command, Reaper  
  20  1:40  Command Center  
  20  1:50  Supply Depot  
  20  1:55  SCV  
  20  2:01  Marine  
  22  2:06  Factory  
  22  2:11  SCV  
  22  2:14  Refinery  
  23  2:21  Barracks Reactor  
  23  2:23  SCV  
  24  2:35  SCV  
  25  2:47  SCV  
  26  2:51  Starport  
  26  2:53  Orbital Command  
  26  2:59  SCV  
  26  3:03  Hellion x2  
  31  3:10  Barracks Tech Lab  
  31  3:11  SCV  
  32  3:19  SCV  
  33  3:24  SCV  
  33  3:25  Hellion x2  
  38  3:28  Viking  
  40  3:34  SCV  
  40  3:35  Supply Depot  
  40  3:36  SCV  
  42  3:47  Liberator, SCV  
  42  3:48  SCV  
  44  3:49  Supply Depot  
  44  3:59  Siege Tank, SCV, Supply Depot  
  44  4:00  SCV  
  49  4:04  Marine x2  
  54  4:11  SCV  
  54  4:12  SCV  
  55  4:23  SCV  
  57  4:24  SCV  
  57  4:28  Barracks  
  57  4:29  Barracks  
  57  4:31  Barracks Tech Lab  
  57  4:33  Engineering Bay  
  57  4:35  SCV  
  57  4:37  Engineering Bay  
  58  4:39  SCV  
  58  4:41  Supply Depot  
  59  4:47  SCV  
  59  4:51  Stimpack, Marine, SCV  
  62  4:57  Starport Reactor  
  62  4:59  Command Center  
  62  5:03  SCV  
  63  5:11  Missile Turret x2  
  63  5:13  Marine  
  63  5:14  Widow Mine  
  66  5:15  SCV  
  66  5:18  Marine x2, Barracks Reactor  
  66  5:21  Missile Turret  
  69  5:23  Terran Infantry Weapons Level 1  
  69  5:26  Terran Infantry Armor Level 1  
  69  5:29  Bunker  
  69  5:31  Marine  
  69  5:33  SCV x2  
  69  5:36  Marine x2  
  69  5:38  Widow Mine  
  73  5:44  Refinery  
  73  5:45  Refinery  
  73  5:47  SCV  
  73  5:49  Marine  
  73  5:52  Medivac  
  73  5:54  Marine x2  
  77  5:58  SCV  
  77  5:59  Supply Depot  
  77  6:01  Marine  
  77  6:15  Marine x4, SCV x2  
  77  6:16  Orbital Command  
  80  6:18  Supply Depot  
  80  6:19  Marine  
  81  6:28  SCV  
  81  6:29  Medivac  
  81  6:30  Medivac  
  85  6:33  Marine x4  
  85  6:34  Supply Depot  
  85  6:37  Marine  
  85  6:38  Supply Depot  
  90  6:40  SCV x2  
  90  6:44  Orbital Command  
  92  6:51  Combat Shield, Marine  
  92  6:52  Marine  
  92  6:54  SCV, Supply Depot  
  95  6:55  Marine  
  95  6:56  SCV  
  95  6:57  Supply Depot  
  95  6:59  Missile Turret  
  95  7:00  Supply Depot  
  97  7:01  Medivac  
  97  7:02  Medivac  
  97  7:05  Marine  
  97  7:06  SCV  
  103  7:08  SCV  
  103  7:09  SCV  
  105  7:18  SCV  
  105  7:20  Marine x3, SCV  
  105  7:21  SCV  
  105  7:22  Siege Tank, Supply Depot  
  114  7:24  Supply Depot  
  114  7:25  Marine x2  
  114  7:29  Bunker  
  114  7:30  SCV  
  114  7:35  SCV  
  114  7:36  Bunker  
  116  7:37  Marine x2  
  116  7:42  Marine  
  119  7:47  Supply Depot  
  119  7:48  SCV x3  
  119  7:50  Supply Depot  
  122  7:53  Armory, Supply Depot, Medivac  
  122  7:54  Siege Tank  
  122  7:55  Medivac  
  129  7:59  Marine  
  129  8:00  SCV x2  
  132  8:06  Barracks, SCV  
  132  8:07  Barracks  
  132  8:10  Marine  
  133  8:15  Marine  
  133  8:16  Marine x2, Command Center  
  133  8:17  Marine  
  133  8:28  Marine  
  133  8:29  Liberator x2  
  133  8:32  Marine  
  133  8:34  Marine x3, SCV x2  
  127  8:36  SCV  
  130  8:45  Marine, Supply Depot x2  
  130  8:46  Terran Infantry Weapons Level 2  
  137  8:50  Marine  
  137  8:53  Marine, Refinery  
  137  8:55  Marine, Refinery  
  142  8:59  Barracks Reactor x2  
  142  9:01  Marine  
  141  9:05  Marine, Factory  
  141  9:07  SCV  
  141  9:08  Marine  
  144  9:10  SCV x2  
  144  9:11  Marine  
  144  9:12  Siege Tank  
  144  9:13  Marine  
  148  9:19  Marine, SCV  
  148  9:22  SCV  
  148  9:23  Marine  
  152  9:26  Marine, SCV  
  152  9:29  Marine  
  152  9:30  Marine  
  152  9:33  Medivac x2  
  152  9:37  Marine x2  
  152  9:38  SCV  
  154  9:39  Marine  
  154  9:45  Siege Tank  
  158  9:46  Marine  
  158  9:48  Marine  
  158  9:49  SCV  
  158  9:55  Factory Tech Lab  
  158  10:01  SCV  
  158  10:02  Marine  
  158  10:03  Marine x6  
  158  10:04  Marine  
  158  10:06  Marine  
  167  10:12  Missile Turret, Sensor Tower  
  164  10:17  Siege Tank  
  164  10:20  Marine x3  
  173  10:21  Siege Tank  
  173  10:22  Marine  
  173  10:25  Planetary Fortress  
  173  10:27  SCV  
  175  10:32  Marine x4  
  180  10:38  Marine  
  180  10:39  Marine  
  183  10:47  Barracks x2  
  183  10:48  Barracks  
  183  10:49  Siege Tank  
  184  10:52  Marine  
  184  10:53  Siege Tank, Marine x4  
  184  10:54  Marine x2  
  184  10:56  Marine  
  185  10:57  Marine  
  165  11:10  Marine  
  166  11:11  Marine x6  
Show
View Real Time Build Order
Export as new Build Order

BraneloB Zerg 

Build Orders: Hatch First 

Get SALT Encoding   

  12  0:00  Drone  
  13  0:13  Overlord  
  13  0:17  Drone  
  14  0:31  Drone x2  
  16  0:50  Hatchery  
  16  0:52  Drone  
  16  0:54  Drone  
  17  0:59  Drone  
  18  1:09  Extractor  
  17  1:14  Spawning Pool  
  17  1:17  Drone  
  17  1:20  Drone  
  18  1:28  Drone  
  19  1:40  Drone  
  20  1:49  Overlord  
  20  2:02  Queen x2  
  20  2:03  Zergling x4  
  26  2:10  Metabolic Boost  
  26  2:11  Drone  
  26  2:13  Drone  
  28  2:22  Drone  
  29  2:26  Overlord  
  29  2:33  Drone  
  29  2:35  Drone  
  30  2:41  Queen  
  32  2:49  Lair  
  33  2:51  Drone x2  
  33  2:55  Zergling x2, Overlord  
  35  3:05  Drone  
  35  3:08  Extractor  
  34  3:20  Drone x2  
  34  3:21  Drone x4  
  34  3:22  Extractor  
  39  3:33  Drone x2  
  41  3:39  Drone x2  
  43  3:48  Extractor  
  42  3:50  Drone x3, Spire  
  42  3:52  Drone x3  
  42  3:53  Drone  
  48  4:05  Drone x2  
  50  4:12  Hatchery  
  49  4:23  Drone x2  
  49  4:24  Overlord  
  51  4:26  Overlord  
  51  4:27  Overlord  
  51  4:39  Overlord  
  51  4:40  Overlord  
  51  5:01  Mutalisk x7  
  51  5:04  Zergling x8  
  69  5:08  Zergling x2  
  69  5:13  Mutalisk  
  72  5:22  Spore Crawler  
  72  5:25  Mutalisk  
  73  5:34  Drone x2  
  75  5:36  Roach Warren  
  75  5:38  Drone x6  
  75  5:39  Drone, Evolution Chamber  
  81  5:42  Drone  
  81  5:51  Drone  
  81  5:52  Overlord x3  
  82  6:07  Extractor x2  
  80  6:15  Drone x2  
  80  6:16  Drone x2  
  80  6:17  Drone x5  
  80  6:18  Queen  
  89  6:21  Glial Reconstitution, Zerg Ground Armor Level 1  
  89  6:32  Drone x2  
  91  6:33  Drone x2  
  91  6:35  Drone x4  
  91  6:36  Drone  
  91  6:38  Overlord  
  98  6:40  Roach  
  98  6:41  Roach  
  102  6:50  Overlord  
  102  6:52  Roach x2  
  102  6:53  Roach, Overlord  
  106  7:02  Overlord x3  
  106  7:03  Roach x3  
  110  7:12  Roach  
  110  7:15  Roach x2  
  116  7:19  Roach x2  
  116  7:20  Roach  
  122  7:26  Roach x3  
  122  7:29  Roach x3  
  134  7:30  Hatchery  
  134  7:35  Roach x3  
  134  7:36  Roach x2  
  143  7:41  Roach  
  144  7:45  Roach  
  144  7:50  Roach x3  
  152  7:52  Ravager  
  152  7:53  Ravager  
  152  7:54  Overlord x2  
  154  7:59  Overlord x2  
  154  8:12  Ravager x5  
  160  8:13  Ravager x10  
  160  8:14  Zergling x2  
  160  8:15  Overlord x2, Zerg Melee Weapons Level 1  
  160  8:19  Drone  
  162  8:27  Zergling x2  
  162  8:31  Roach x8  
  162  8:33  Roach  
  162  8:41  Drone x3  
  162  8:45  Zergling x4  
  162  8:46  Zergling x2  
  162  8:48  Drone x2  
  170  8:57  Evolution Chamber  
  170  9:00  Drone x2  
  170  9:02  Baneling Nest  
  170  9:04  Roach x5  
  173  9:18  Roach x3  
  173  9:19  Roach x3  
  185  9:31  Roach x4  
  183  9:36  Ravager  
  183  9:37  Zergling x6  
  183  9:38  Zergling x4  
  187  9:41  Hatchery  
  186  9:47  Roach  
  186  9:48  Roach x2  
  190  9:54  Ravager x2  
  190  9:55  Ravager x2  
  190  9:56  Overlord x2  
  190  9:57  Overlord  
  193  10:03  Roach  
  193  10:06  Overlord  
  193  10:07  Overlord  
  194  10:09  Overlord x2  
  191  10:15  Roach x4  
  196  10:23  Spore Crawler  
  194  10:42  Drone x5  
  199  10:44  Baneling  
  199  10:45  Baneling  
  199  10:51  Zergling x2  
  199  10:52  Zergling x2  
  175  11:00  Roach x3  
  175  11:01  Roach x3  
  175  11:03  Roach x2  
  174  11:07  Roach  
  171  11:12  Ravager  
Tags
 
Add a new tag
Caveats
  • Supply blocks, unpowered buildings, or Contaminate may cause inaccurate times.
  • Supply counts are checked every 10 seconds.